Map: Aura Śmierci ER

Players

Krystianer - Winner!

  • Race: Protoss Protoss
  • League: Grandmaster
  • Spawn Location: 11:00

SI 1 (Bardzo łatwa)

  • Race: Protoss Protoss
  • Spawn Location: 5:00

VOD

Have the link to the VOD?

Description

Time

  • Played on: Sept. 19, 2020, 2:09 a.m.
  • Length: 8:07
Show
View Real Time Build Order
Export as new Build Order

Krystianer Protoss - Winner!

Build Orders: Oracle Opening, Zealot Archon 

Get SALT Encoding   

  12  0:00  Probe  
  13  0:12  Probe  
  14  0:17  Pylon  
  14  0:24  Probe (Chrono Boost)  
  16  0:36  Probe (Chrono Boost)  
  16  0:37  Gateway  
  16  0:43  Probe (Chrono Boost)  
  16  0:45  Assimilator  
  17  0:50  Probe  
  17  0:54  Assimilator  
  18  1:02  Probe (Chrono Boost)  
  19  1:07  Gateway  
  20  1:12  Probe (Chrono Boost)  
  20  1:17  Probe (Chrono Boost)  
  20  1:24  Cybernetics Core  
  21  1:29  Probe  
  22  1:34  Pylon  
  22  1:41  Probe  
  23  1:53  Probe  
  24  2:00  Warp Gate, Adept x2  
  28  2:10  Pylon  
  28  2:13  Stargate  
  28  2:30  Stalker x2  
  32  2:53  Nexus  
  32  2:59  Oracle (Chrono Boost)  
  35  3:06  Probe  
  36  3:16  Pylon  
  36  3:27  Oracle (Chrono Boost)  
  39  3:34  Probe  
  40  3:45  Robotics Facility  
  40  3:47  Probe  
  41  4:02  Probe (Chrono Boost)  
  42  4:05  Probe (Chrono Boost)  
  43  4:14  Probe (Chrono Boost)  
  43  4:15  Probe (Chrono Boost)  
  45  4:19  Probe (Chrono Boost)  
  45  4:23  Probe  
  47  4:29  Immortal (Chrono Boost)  
  47  4:31  Probe  
  48  4:35  Probe  
  53  4:40  Forge  
  53  4:42  Pylon  
  53  4:43  Probe, Assimilator  
  54  4:46  Assimilator  
  54  4:47  Probe, Sentry  
  54  4:48  Sentry  
  59  4:55  Probe  
  59  4:58  Warp Prism (Chrono Boost)  
  59  4:59  Probe  
  61  5:05  Protoss Ground Weapons Level 1  
  63  5:07  Probe  
  63  5:14  Pylon, Twilight Council  
  64  5:16  Probe  
  64  5:19  Probe  
  66  5:27  Immortal  
  70  5:36  Probe  
  70  5:37  Probe  
  72  5:43  Gateway  
  72  5:44  Gateway  
  72  5:48  Gateway  
  72  5:52  Gateway  
  72  5:58  Charge (Chrono Boost)  
  72  6:01  Templar Archives  
  72  6:03  Pylon  
  72  6:17  Probe  
  73  6:27  Nexus  
  73  6:29  Gateway  
  73  6:30  Gateway  
  73  6:37  High Templar x2  
  77  6:42  Archon, Pylon  
  77  6:49  High Templar x2, Zealot  
  77  6:50  Zealot  
  85  6:58  Archon  
  85  7:02  Pylon  
  85  7:05  Probe x2  
  87  7:13  Pylon  
  87  7:25  Zealot  
  87  7:26  Zealot x3  
  87  7:27  Zealot  
  87  7:28  Zealot  
  87  7:29  High Templar  
  101  7:31  High Templar  
  101  7:34  Probe x2  
  101  7:35  Archon  
  105  7:47  Zealot x5  
  105  7:48  Zealot  
  105  7:49  Probe  
  118  8:04  Zealot x2  
Show
View Real Time Build Order
Export as new Build Order

SI 1 (Bardzo łatwa) Protoss 

Build Orders:  

Get SALT Encoding   

  12  0:00  Probe  
  13  0:13  Probe  
  14  0:20  Pylon  
  14  0:37  Assimilator  
  14  0:43  Gateway  
  14  0:46  Pylon  
  14  1:13  Assimilator  
  14  1:18  Probe  
  15  1:26  Probe  
  16  1:34  Probe  
  16  1:35  Cybernetics Core  
  17  1:44  Probe  
  18  1:56  Probe  
  18  2:00  Warp Gate  
  19  2:04  Probe  
  20  2:12  Stalker  
  22  3:34  Stalker  
  22  3:36  Pylon  
  22  3:57  Probe  
  21  4:09  Probe  
  22  4:11  Stalker  
  24  4:40  Zealot  
  25  5:01  Probe  
  22  5:10  Probe  
  23  5:18  Probe  
  23  5:27  Probe  
  24  5:35  Zealot  
  24  5:37  Robotics Facility  
  24  5:39  Probe  
  27  5:51  Probe  
  28  6:03  Probe  
  29  6:04  Stalker  
  29  6:05  Pylon  
  27  6:15  Probe  
  25  6:26  Observer  
  25  6:28  Probe  
  27  6:32  Zealot  
  29  6:40  Probe  
  30  6:47  Observer  
  30  6:52  Probe  
  32  7:01  Stalker  
  32  7:04  Probe  
  35  7:15  Probe  
  36  7:23  Probe  
  37  7:30  Zealot  
  39  7:50  Probe  
  9  7:58  Zealot  
Tags
 
Add a new tag
Caveats
  • Supply blocks, unpowered buildings, or Contaminate may cause inaccurate times.
  • Supply counts are checked every 10 seconds.